Islanders vs Maple Leafs
Created - April 7, 2022 at 19:02
Goals
|
| Islanders |
0 |
1 |
1 |
2 |
| Maple Leafs |
0 |
4 |
1 |
5 |
|
Shots
|
| Islanders |
10 |
11 |
4 |
25 |
| Maple Leafs |
7 |
16 |
10 |
33 |
|
1st period
No Goal
Penalties :
Brayden Schenn (TOR) for Roughing (Minor) at 3:42, Marc-Édouard Vlasic (NyI) for High sticking (Minor) at 12:36, Craig Smith (NyI) for Hooking (Minor) at 17:55
2nd period
1. Islanders , William Karlsson 9 (Rick Nash 22, Vladimir Tarasenko 30) at 2:46
2. Maple Leafs , Claude Giroux 34 (Evgeni Malkin 33) at 5:01 (PP)
3. Maple Leafs , Beau Bennett 12 (Bo Horvat 17, Jon Merrill 14) at 7:37
4. Maple Leafs , Ryan Parent 3 (Claude Giroux 30, Evgeni Malkin 34) at 8:50
5. Maple Leafs , Tim Schaller 7 (Zach Werenski 21, Patrice Cormier 7) at 12:17
Penalties :
Michael Latta (NyI) for Slashing (Minor) at 4:56, Zach Werenski (TOR) for Holding (Minor) at 9:59, Andrew Shaw (NyI) for Hooking (Minor) at 17:23
3rd period
6. Maple Leafs , Beau Bennett 13 (Braydon Coburn 9) at 4:08
7. Islanders , Frans Nielsen 13 (Vladimir Tarasenko 31, Brock McGinn 9) at 14:49 (PP)
Penalties :
Fedor Tyutin (NyI) for Tripping (Minor) at 9:07, Gabriel Landeskog (TOR) for Hooking (Minor) at 12:08, Andre Burakovsky (TOR) for Slashing (Minor) at 14:40, Rick Nash (NyI) for Boarding (Minor) at 18:30
Goalie Stats
Julien Ellis (NyI), 13 saves from 14 shots - (0.929), 27:43 minutes
Keith Kinkaid (NyI), 15 saves from 19 shots - (0.789), L, 4-6-2, 32:17 minutes
Martin Jones (TOR), 23 saves from 25 shots - (0.920), W, 8-7-0, 60:00 minutes
Players Stats for Islanders
Player Name G A P +/- PIM S H SB GA TA FO MP PP MP PK MP
------------------------------------------------------------------------------------
Andrew Shaw 0 0 0 -2 2 2 0 0 0 0 0/0 7:57 0:01 0:00
Brock McGinn 0 1 1 -1 0 1 3 0 1 0 2/6 20:52 2:57 2:13
Craig Smith 0 0 0 0 2 1 0 2 0 0 0/0 9:01 0:11 0:00
Fedor Tyutin 0 0 0 -1 2 2 2 1 0 1 0/0 21:39 2:46 3:05
Frans Nielsen 1 0 1 -1 0 2 3 0 1 0 15/27 21:22 3:17 3:12
Justin Falk 0 0 0 -2 0 1 1 2 0 0 0/0 11:16 0:00 0:54
Marc-Édouard Vlasic 0 0 0 -2 2 0 0 0 0 1 0/0 10:45 0:00 0:00
Melker Karlsson 0 0 0 0 0 0 0 0 0 0 5/6 8:37 0:00 0:00
Michael Latta 0 0 0 -2 2 0 0 2 0 0 1/2 7:13 0:00 0:00
Nikita Zadorov 0 0 0 -1 0 0 0 0 0 0 0/0 21:44 2:46 3:59
Pierre-Edouard Bellemare 0 0 0 0 0 1 0 0 0 3 1/1 15:21 0:00 2:39
Rick Nash 0 1 1 0 2 0 1 0 0 0 0/0 18:59 2:38 4:05
Ryan Ellis 0 0 0 0 0 0 1 1 1 1 0/0 27:54 3:20 5:31
Sergei Plotnikov 0 0 0 0 0 3 2 0 0 0 0/0 14:18 2:33 1:50
Vladimir Tarasenko 0 2 2 -1 0 3 1 1 0 0 2/7 22:49 3:24 5:01
William Karlsson 1 0 1 0 0 9 2 0 0 0 7/9 14:50 2:38 0:00
Yann Sauvé 0 0 0 0 0 0 2 0 1 1 0/0 27:54 3:20 5:31
Zac Rinaldo 0 0 0 -2 0 0 1 0 0 0 0/0 7:53 0:39 0:00
Players Stats for Maple Leafs
Player Name G A P +/- PIM S H SB GA TA FO MP PP MP PK MP
------------------------------------------------------------------------------------
Andre Burakovsky 0 0 0 0 2 2 1 0 0 0 1/1 16:40 4:20 0:00
Beau Bennett 2 0 2 1 0 3 0 0 1 0 0/1 9:06 0:00 0:00
Bo Horvat 0 1 1 1 0 0 1 0 1 0 1/2 11:15 0:00 2:09
Brandon Saad 0 0 0 1 0 2 1 0 0 0 0/0 10:58 0:00 1:52
Brayden Schenn 0 0 0 0 2 4 0 0 1 0 8/13 18:51 4:20 2:10
Braydon Coburn 0 1 1 2 0 1 0 2 0 1 0/0 14:19 0:55 3:11
Claude Giroux 1 1 2 1 0 5 3 0 1 0 2/2 22:41 5:10 1:42
Evgeni Malkin 0 2 2 1 0 4 1 0 0 1 11/34 22:44 5:10 1:35
Gabriel Landeskog 0 0 0 0 2 1 3 0 0 0 1/2 19:10 4:20 2:19
Hampus Lindholm 0 0 0 -1 0 2 1 2 2 1 0/0 23:55 4:42 2:55
John Klingberg 0 0 0 -1 0 0 0 0 0 1 0/0 23:09 3:53 2:55
Jon Merrill 0 1 1 1 0 3 1 3 1 0 0/0 25:36 4:03 3:11
Michael Frolik 0 0 0 1 0 1 0 0 0 0 0/0 20:54 5:10 0:00
Patrice Cormier 0 1 1 1 0 0 1 0 0 0 1/3 7:10 0:00 0:12
Pontus Aberg 0 0 0 1 0 1 0 1 0 0 0/0 6:57 0:00 0:00
Ryan Parent 1 0 1 3 0 1 0 0 0 0 0/0 9:44 0:00 0:00
Tim Schaller 1 0 1 1 0 1 2 0 0 0 0/0 7:20 0:00 0:13
Zach Werenski 0 1 1 2 2 2 3 4 0 0 0/0 23:21 5:27 0:00
3 Stars
1 - Beau Bennett (TOR)
2 - Claude Giroux (TOR)
3 - Ryan Parent (TOR)
Power Play
Islanders - 1 on 4 Attempt(s) - 25.00%
Maple Leafs - 1 on 6 Attempt(s) - 16.67%
Penalty Kill
Islanders - 5 on 6 Attempt(s) - 83.33%
- Score 0 goal in Penalty Kill
Maple Leafs - 3 on 4 Attempt(s) - 75.00%
- Score 0 goal in Penalty Kill
Team Stat
Islanders - Hits : 19 - Faceoff Wins : 33 - Blocked Shots : 9 - Penalty Minutes : 12
Maple Leafs - Hits : 18 - Faceoff Wins : 25 - Blocked Shots : 12 - Penalty Minutes : 8
Official
Referees : Francois St. Laurent and Peter MacDougall
Linesman : David Brisebois and Steve Barton
Game Notes
Julien Ellis enters game at 12:17 of 2nd period
Finance
Level 1 -- Attendance: 5447 (90.78%) -- Ticket Income $544,700
Level 2 -- Attendance: 4690 (93.80%) -- Ticket Income $281,400
Level 3 -- Attendance: 2000 (100.00%) -- Ticket Income $70,000
Level 4 -- Attendance: 4000 (100.00%) -- Ticket Income $100,000
Luxury Box -- Attendance: 1000 (100.00%) -- Ticket Income $200,000
Game was played at the Scotiabank Arena.
Total Attendance: 17137 (95.21%)
Total Ticket Income: $1,196,100
Other Income: $179,415
Total Income: $1,375,515
Islanders
5 vs 5 Forward
Center Left Wing Right Wing Time % Phy DF OF
1 Frans Nielsen Brock McGinn Vladimir Tarasenko 40 1 2 2
2 William Karlsson Pierre-Edouard Bellemare Rick Nash 30 1 2 2
3 Melker Karlsson Sergei Plotnikov Craig Smith 20 1 2 2
4 Michael Latta Zac Rinaldo Andrew Shaw 10 1 2 2
5 vs 5 Defense
Defense Defense Time % Phy DF OF
1 Ryan Ellis Yann Sauvé 40 1 2 2
2 Fedor Tyutin Nikita Zadorov 30 1 2 2
3 Marc-Édouard Vlasic Justin Falk 20 1 2 2
4 Ryan Ellis Yann Sauvé 10 1 2 2
PowerPlay Forward
Center Left Wing Right Wing Time % Phy DF OF
1 Frans Nielsen Brock McGinn Vladimir Tarasenko 60 1 2 2
2 William Karlsson Sergei Plotnikov Rick Nash 40 1 2 2
PowerPlay Defense
Defense Defense Time % Phy DF OF
1 Ryan Ellis Yann Sauvé 60 1 2 2
2 Fedor Tyutin Nikita Zadorov 40 1 2 2
Penalty Kill 4 Players Forward
Center Wing Time % Phy DF OF
1 Vladimir Tarasenko Rick Nash 60 1 2 2
2 Frans Nielsen Pierre-Edouard Bellemare 40 1 2 2
Penalty Kill 4 Players Defense
Defense Defense Time % Phy DF OF
1 Ryan Ellis Yann Sauvé 60 1 2 2
2 Fedor Tyutin Nikita Zadorov 40 1 2 2
Penalty Kill - 3 Players Forward
Forward Time % Phy DF OF
1 Vladimir Tarasenko 60 1 2 2
2 Rick Nash 40 1 2 2
Penalty Kill - 3 Players Defense
Defense Defense Time % Phy DF OF
1 Ryan Ellis Yann Sauvé 60 1 2 2
2 Fedor Tyutin Nikita Zadorov 40 1 2 2
4 vs 4 Forward
Center Wing Time % Phy DF OF
1 Vladimir Tarasenko Rick Nash 60 1 2 2
2 Frans Nielsen Pierre-Edouard Bellemare 40 1 2 2
4 vs 4 Defense
Defense Defense Time % Phy DF OF
1 Ryan Ellis Yann Sauvé 60 1 2 2
2 Fedor Tyutin Nikita Zadorov 40 1 2 2
Last Minutes Offensive
Center Left Wing Right Wing Defense Defense
Frans Nielsen Pierre-Edouard Bellemare Vladimir Tarasenko Ryan Ellis Yann Sauvé
Last Minutes Defensive
Center Left Wing Right Wing Defense Defense
Frans Nielsen Pierre-Edouard Bellemare Vladimir Tarasenko Ryan Ellis Yann Sauvé
Goaltenders
Starting : Keith Kinkaid
Backup : Julien Ellis
Extra Forwards
Normal : Zac Rinaldo, Craig Smith, Brock McGinn - PP : Zac Rinaldo, Craig Smith - PK : Brock McGinn
Extra Defensemen
Normal : Marc-Édouard Vlasic, Justin Falk, Fedor Tyutin - PP : Marc-Édouard Vlasic - PK : Justin Falk, Fedor Tyutin
Penalty Shots
Vladimir Tarasenko, Rick Nash, Frans Nielsen, Pierre-Edouard Bellemare, Sergei Plotnikov
Scratches
Carl Klingberg (Healthy), Jiri Hudler (Healthy), Ryan Miller (Healthy)
Maple Leafs
5 vs 5 Forward
Center Left Wing Right Wing Time % Phy DF OF
1 Evgeni Malkin Claude Giroux Michael Frolik 40 1 2 2
2 Brayden Schenn Gabriel Landeskog Andre Burakovsky 30 1 2 2
3 Bo Horvat Brandon Saad Beau Bennett 20 1 2 2
4 Patrice Cormier Tim Schaller Pontus Aberg 10 1 2 2
5 vs 5 Defense
Defense Defense Time % Phy DF OF
1 Jon Merrill Zach Werenski 40 1 2 2
2 Hampus Lindholm John Klingberg 30 1 2 2
3 Ryan Parent Braydon Coburn 20 1 2 2
4 Hampus Lindholm John Klingberg 10 1 2 2
PowerPlay Forward
Center Left Wing Right Wing Time % Phy DF OF
1 Evgeni Malkin Claude Giroux Michael Frolik 60 1 2 2
2 Brayden Schenn Gabriel Landeskog Andre Burakovsky 40 1 2 2
PowerPlay Defense
Defense Defense Time % Phy DF OF
1 Hampus Lindholm Zach Werenski 60 1 2 2
2 Jon Merrill John Klingberg 40 1 2 2
Penalty Kill 4 Players Forward
Center Wing Time % Phy DF OF
1 Brayden Schenn Gabriel Landeskog 60 1 2 2
2 Evgeni Malkin Claude Giroux 40 1 2 2
Penalty Kill 4 Players Defense
Defense Defense Time % Phy DF OF
1 Jon Merrill Braydon Coburn 60 1 2 2
2 Hampus Lindholm John Klingberg 40 1 2 2
Penalty Kill - 3 Players Forward
Forward Time % Phy DF OF
1 Patrice Cormier 60 1 2 2
2 Brayden Schenn 40 1 2 2
Penalty Kill - 3 Players Defense
Defense Defense Time % Phy DF OF
1 Braydon Coburn Jon Merrill 60 1 2 2
2 Hampus Lindholm John Klingberg 40 1 2 2
4 vs 4 Forward
Center Wing Time % Phy DF OF
1 Brayden Schenn Claude Giroux 60 1 2 2
2 Evgeni Malkin Gabriel Landeskog 40 1 2 2
4 vs 4 Defense
Defense Defense Time % Phy DF OF
1 Hampus Lindholm John Klingberg 60 1 2 2
2 Jon Merrill Braydon Coburn 40 1 2 2
Last Minutes Offensive
Center Left Wing Right Wing Defense Defense
Evgeni Malkin Claude Giroux Michael Frolik Hampus Lindholm John Klingberg
Last Minutes Defensive
Center Left Wing Right Wing Defense Defense
Brayden Schenn Claude Giroux Michael Frolik Braydon Coburn Jon Merrill
Goaltenders
Starting : Martin Jones
Backup : John Gibson
Extra Forwards
Normal : Gabriel Landeskog, Michael Frolik, Bo Horvat - PP : Gabriel Landeskog, Michael Frolik - PK : Gabriel Landeskog
Extra Defensemen
Normal : Braydon Coburn, Ryan Parent, Zach Werenski - PP : Braydon Coburn - PK : Braydon Coburn, Ryan Parent
Penalty Shots
Claude Giroux, Evgeni Malkin, Andre Burakovsky, Michael Frolik, Brayden Schenn
Scratches
None
% Time on Ice - Islanders
Lines # - Real PCT - Wanted PCT - Time Play
Normal Forward
1 - 36% - 40% - 15:47
2 - 29% - 30% - 12:46
3 - 19% - 20% - 8:37
4 - 16% - 10% - 7:14
Normal Defense
1 - 40% - 40% - 17:51
2 - 34% - 30% - 14:59
3 - 23% - 20% - 10:22
4 - 3% - 10% - 1:12
PP Forward
1 - 57% - 60% - 3:28
2 - 43% - 40% - 2:38
PP Defense
1 - 55% - 60% - 3:20
2 - 45% - 40% - 2:46
PK Forward
1 - 72% - 60% - 6:51
2 - 28% - 40% - 2:39
PK Defense
1 - 58% - 60% - 5:31
2 - 42% - 40% - 3:59
PK3 Forward
1 - 0% - 60%
2 - 0% - 40%
PK3 Defense
1 - 0% - 60%
2 - 0% - 40%
44 Forward
1 - 0% - 60%
2 - 0% - 40%
44 Defense
1 - 0% - 60%
2 - 0% - 40%
Last Minute Offensive - 0:00
Last Minute Defensive - 0:00
Total
Forward - 60:00
Defense - 60:00
|
% Time on Ice - Maple Leafs
Lines # - Real PCT - Wanted PCT - Time Play
Normal Forward
1 - 36% - 40% - 15:55
2 - 28% - 30% - 12:26
3 - 20% - 20% - 9:06
4 - 16% - 10% - 6:57
Normal Defense
1 - 40% - 40% - 17:45
2 - 31% - 30% - 13:57
3 - 22% - 20% - 9:44
4 - 7% - 10% - 2:58
PP Forward
1 - 54% - 60% - 5:10
2 - 46% - 40% - 4:20
PP Defense
1 - 57% - 60% - 5:27
2 - 43% - 40% - 4:03
PK Forward
1 - 86% - 60% - 5:16
2 - 14% - 40% - 0:50
PK Defense
1 - 52% - 60% - 3:11
2 - 48% - 40% - 2:55
PK3 Forward
1 - 0% - 60%
2 - 0% - 40%
PK3 Defense
1 - 0% - 60%
2 - 0% - 40%
44 Forward
1 - 0% - 60%
2 - 0% - 40%
44 Defense
1 - 0% - 60%
2 - 0% - 40%
Last Minute Offensive - 0:00
Last Minute Defensive - 0:00
Total
Forward - 60:00
Defense - 60:00
|
Play-by-Play
1st period
0:01 of 1st period - Frans Nielsen wins face-off versus Evgeni Malkin in neutral zone.
0:10 of 1st period - Slapshot by Frans Nielsen.
0:10 of 1st period - Stopped by Martin Jones with a rebound.
1:37 of 1st period - Snap shot by Evgeni Malkin.
1:37 of 1st period - Stopped by Keith Kinkaid without a rebound.
1:38 of 1st period - Evgeni Malkin wins face-off versus Frans Nielsen in Islanders zone.
2:16 of 1st period - Slapshot by William Karlsson.
2:16 of 1st period - Shot Misses the Net.
2:47 of 1st period - Andrew Shaw is hit by Patrice Cormier and loses puck.
3:12 of 1st period - Wrist shot by Claude Giroux.
3:12 of 1st period - Stopped by Keith Kinkaid with a rebound.
3:14 of 1st period - Slapshot by Jon Merrill.
3:14 of 1st period - Stopped by Keith Kinkaid with a rebound.
3:36 of 1st period - Slapshot by Fedor Tyutin.
3:36 of 1st period - Shot Blocked by Hampus Lindholm.
3:38 of 1st period - Wrist shot by Pierre-Edouard Bellemare.
3:38 of 1st period - Stopped by Martin Jones without a rebound.
3:39 of 1st period - Brayden Schenn wins face-off versus William Karlsson in Maple Leafs zone.
3:39 of 1st period - Brayden Schenn is hit by Yann Sauvé.
3:42 of 1st period - Minor Penalty to Brayden Schenn for Roughing.
3:43 of 1st period - Gabriel Landeskog wins face-off versus Frans Nielsen in Maple Leafs zone.
3:53 of 1st period - Wrist shot by Vladimir Tarasenko.
3:53 of 1st period - Stopped by Martin Jones with a rebound.
4:57 of 1st period - Fedor Tyutin is hit by Hampus Lindholm and loses puck.
5:42 of 1st period - Penalty to Brayden Schenn is over, Brayden Schenn is back on ice.
5:55 of 1st period - Patrice Cormier is hit by Zac Rinaldo and loses puck.
6:56 of 1st period - Wrist shot by Sergei Plotnikov.
6:56 of 1st period - Stopped by Martin Jones with a rebound.
7:49 of 1st period - Slapshot by John Klingberg.
7:49 of 1st period - Shot Blocked by Craig Smith.
8:02 of 1st period - Icing by John Klingberg.
8:03 of 1st period - William Karlsson wins face-off versus Beau Bennett in Maple Leafs zone.
8:10 of 1st period - Wrist shot by Rick Nash.
8:10 of 1st period - Deflect By William Karlsson.
8:10 of 1st period - Stopped by Martin Jones with a rebound.
8:16 of 1st period - Wrist shot by William Karlsson.
8:16 of 1st period - Shot Misses the Net.
8:39 of 1st period - Wrist shot by Vladimir Tarasenko.
8:39 of 1st period - Stopped by Martin Jones without a rebound.
8:40 of 1st period - William Karlsson wins face-off versus Evgeni Malkin in Maple Leafs zone.
8:43 of 1st period - Wrist shot by William Karlsson.
8:43 of 1st period - Stopped by Martin Jones without a rebound.
8:44 of 1st period - William Karlsson wins face-off versus Evgeni Malkin in Maple Leafs zone.
8:59 of 1st period - Slapshot by Michael Frolik.
8:59 of 1st period - Deflect By Evgeni Malkin.
8:59 of 1st period - Shot Misses the Net.
8:59 of 1st period - Puck is out of play.
9:00 of 1st period - Brock McGinn wins face-off versus Brayden Schenn in Islanders zone.
9:00 of 1st period - Brock McGinn is hit by Zach Werenski.
9:26 of 1st period - Evgeni Malkin is hit by William Karlsson and loses puck.
10:05 of 1st period - Wrist shot by Craig Smith.
10:05 of 1st period - Shot Blocked by Hampus Lindholm.
10:26 of 1st period - Snap shot by Andre Burakovsky.
10:26 of 1st period - Shot Blocked by Ryan Ellis.
11:06 of 1st period - Snap shot by William Karlsson.
11:06 of 1st period - Stopped by Martin Jones without a rebound.
11:07 of 1st period - Pierre-Edouard Bellemare wins face-off versus Evgeni Malkin in Maple Leafs zone.
11:08 of 1st period - Wrist shot by William Karlsson.
11:08 of 1st period - Stopped by Martin Jones with a rebound.
11:13 of 1st period - Off-side.
11:14 of 1st period - Frans Nielsen wins face-off versus Evgeni Malkin in neutral zone.
11:40 of 1st period - Off-side.
11:41 of 1st period - William Karlsson wins face-off versus Brayden Schenn in neutral zone.
11:44 of 1st period - Wrist shot by William Karlsson.
11:44 of 1st period - Stopped by Martin Jones without a rebound.
11:45 of 1st period - Frans Nielsen wins face-off versus Evgeni Malkin in Maple Leafs zone.
12:10 of 1st period - Sergei Plotnikov is hit by Zach Werenski and loses puck.
12:31 of 1st period - Backhand shot by Brandon Saad.
12:31 of 1st period - Shot Blocked by Justin Falk.
12:33 of 1st period - Slapshot by Jon Merrill.
12:33 of 1st period - Stopped by Keith Kinkaid without a rebound.
12:34 of 1st period - Frans Nielsen wins face-off versus Evgeni Malkin in Islanders zone.
12:36 of 1st period - Minor Penalty to Marc-Édouard Vlasic for High sticking.
12:37 of 1st period - Evgeni Malkin wins face-off versus Vladimir Tarasenko in Islanders zone.
12:37 of 1st period - Slapshot by Claude Giroux.
12:37 of 1st period - Stopped by Keith Kinkaid with a rebound.
12:39 of 1st period - Snap shot by Claude Giroux.
12:39 of 1st period - Shot Misses the Net.
13:45 of 1st period - Nikita Zadorov is hit by Evgeni Malkin and loses puck.
14:06 of 1st period - Brayden Schenn is hit by Vladimir Tarasenko and loses puck.
14:36 of 1st period - Penalty to Marc-Édouard Vlasic is over, Marc-Édouard Vlasic is back on ice.
14:42 of 1st period - Brock McGinn is hit by Tim Schaller and loses puck.
17:20 of 1st period - Ryan Parent is hit by Justin Falk.
17:22 of 1st period - Snap shot by Patrice Cormier.
17:22 of 1st period - Shot Misses the Net.
17:34 of 1st period - Snap shot by Tim Schaller.
17:34 of 1st period - Shot Blocked by Justin Falk.
17:38 of 1st period - Wrist shot by Claude Giroux.
17:38 of 1st period - Stopped by Keith Kinkaid with a rebound.
17:40 of 1st period - Snap shot by Hampus Lindholm.
17:40 of 1st period - Stopped by Keith Kinkaid without a rebound.
17:41 of 1st period - Melker Karlsson wins face-off versus Evgeni Malkin in Islanders zone.
17:55 of 1st period - Minor Penalty to Craig Smith for Hooking.
17:56 of 1st period - Vladimir Tarasenko wins face-off versus Evgeni Malkin in Islanders zone.
18:12 of 1st period - Wrist shot by Claude Giroux.
18:12 of 1st period - Shot Blocked by Vladimir Tarasenko.
19:02 of 1st period - Snap shot by Vladimir Tarasenko.
19:02 of 1st period - Deflect By Sergei Plotnikov.
19:02 of 1st period - Shot Misses the Net.
19:02 of 1st period - Puck is out of play.
19:03 of 1st period - Brayden Schenn wins face-off versus Brock McGinn in Maple Leafs zone.
19:55 of 1st period - Penalty to Craig Smith is over, Craig Smith is back on ice.
Goals for this period are 0 for Islanders vs 0 for Maple Leafs.
Shots for this period are 10 for Islanders vs 7 for Maple Leafs.
2nd period
0:01 of 2nd period - Frans Nielsen wins face-off versus Evgeni Malkin in neutral zone.
0:34 of 2nd period - Icing by Gabriel Landeskog.
0:35 of 2nd period - Andre Burakovsky wins face-off versus William Karlsson in Maple Leafs zone.
0:40 of 2nd period - Jon Merrill is hit by Fedor Tyutin and loses puck.
0:47 of 2nd period - Snap shot by William Karlsson.
0:47 of 2nd period - Shot Blocked by Zach Werenski.
0:49 of 2nd period - Wrist shot by William Karlsson.
0:49 of 2nd period - Stopped by Martin Jones with a rebound.
0:51 of 2nd period - Slapshot by Fedor Tyutin.
0:51 of 2nd period - Stopped by Martin Jones without a rebound.
0:52 of 2nd period - Evgeni Malkin wins face-off versus Frans Nielsen in Maple Leafs zone.
0:59 of 2nd period - Backhand shot by Michael Frolik.
0:59 of 2nd period - Stopped by Keith Kinkaid with a rebound.
1:01 of 2nd period - Snap shot by Evgeni Malkin.
1:01 of 2nd period - Stopped by Keith Kinkaid with a rebound.
1:03 of 2nd period - Slapshot by Hampus Lindholm.
1:03 of 2nd period - Stopped by Keith Kinkaid without a rebound.
1:04 of 2nd period - Evgeni Malkin wins face-off versus Frans Nielsen in Islanders zone.
1:40 of 2nd period - Slapshot by Ryan Ellis.
1:40 of 2nd period - Shot Blocked by Jon Merrill.
1:42 of 2nd period - Snap shot by William Karlsson.
1:42 of 2nd period - Stopped by Martin Jones without a rebound.
1:43 of 2nd period - Melker Karlsson wins face-off versus Evgeni Malkin in Maple Leafs zone.
2:46 of 2nd period - Slapshot by William Karlsson.
2:46 of 2nd period - Goal by William Karlsson - Islanders : 1 - Maple Leafs : 0.
2:47 of 2nd period - Frans Nielsen wins face-off versus Evgeni Malkin in neutral zone.
2:58 of 2nd period - Snap shot by Vladimir Tarasenko.
2:58 of 2nd period - Shot Misses the Net.
3:14 of 2nd period - Andre Burakovsky is hit by William Karlsson and loses puck.
3:25 of 2nd period - Snap shot by Zach Werenski.
3:25 of 2nd period - Stopped by Keith Kinkaid without a rebound.
3:26 of 2nd period - Melker Karlsson wins face-off versus Evgeni Malkin in Islanders zone.
3:32 of 2nd period - Off-side.
3:33 of 2nd period - Melker Karlsson wins face-off versus Evgeni Malkin in neutral zone.
3:36 of 2nd period - Snap shot by Craig Smith.
3:36 of 2nd period - Shot Blocked by Zach Werenski.
3:38 of 2nd period - Snap shot by Craig Smith.
3:38 of 2nd period - Shot Blocked by Zach Werenski.
4:07 of 2nd period - Off-side.
4:08 of 2nd period - Frans Nielsen wins face-off versus Brayden Schenn in neutral zone.
4:53 of 2nd period - Icing by Hampus Lindholm.
4:54 of 2nd period - Michael Latta wins face-off versus Patrice Cormier in Maple Leafs zone.
4:56 of 2nd period - Minor Penalty to Michael Latta for Slashing.
4:57 of 2nd period - Evgeni Malkin wins face-off versus Vladimir Tarasenko in Islanders zone.
5:01 of 2nd period - Snap shot by Claude Giroux.
5:01 of 2nd period - Goal by Claude Giroux - Islanders : 1 - Maple Leafs : 1.
5:02 of 2nd period - Frans Nielsen wins face-off versus Evgeni Malkin in neutral zone.
5:42 of 2nd period - Wrist shot by Rick Nash.
5:42 of 2nd period - Shot Misses the Net.
6:02 of 2nd period - Sergei Plotnikov is hit by Bo Horvat and loses puck.
6:25 of 2nd period - Snap shot by Pontus Aberg.
6:25 of 2nd period - Stopped by Keith Kinkaid without a rebound.
6:26 of 2nd period - Vladimir Tarasenko wins face-off versus Patrice Cormier in Islanders zone.
7:00 of 2nd period - William Karlsson is hit by Jon Merrill and loses puck.
7:13 of 2nd period - Slapshot by Jon Merrill.
7:13 of 2nd period - Deflect By Brayden Schenn.
7:13 of 2nd period - Stopped by Keith Kinkaid with a rebound.
7:35 of 2nd period - Backhand shot by Bo Horvat.
7:35 of 2nd period - Shot Misses the Net.
7:37 of 2nd period - Wrist shot by Beau Bennett.
7:37 of 2nd period - Goal by Beau Bennett - Islanders : 1 - Maple Leafs : 2.
7:38 of 2nd period - Evgeni Malkin wins face-off versus Frans Nielsen in neutral zone.
7:49 of 2nd period - Icing by Braydon Coburn.
7:50 of 2nd period - Frans Nielsen wins face-off versus Evgeni Malkin in Maple Leafs zone.
7:57 of 2nd period - Snap shot by Vladimir Tarasenko.
7:57 of 2nd period - Shot Misses the Net.
8:14 of 2nd period - Icing by Braydon Coburn.
8:15 of 2nd period - William Karlsson wins face-off versus Evgeni Malkin in Maple Leafs zone.
8:48 of 2nd period - Slapshot by Claude Giroux.
8:48 of 2nd period - Shot Misses the Net.
8:50 of 2nd period - Slapshot by Ryan Parent.
8:50 of 2nd period - Goal by Ryan Parent - Islanders : 1 - Maple Leafs : 3.
8:51 of 2nd period - Brayden Schenn wins face-off versus Frans Nielsen in neutral zone.
9:41 of 2nd period - Evgeni Malkin is hit by Sergei Plotnikov and loses puck.
9:46 of 2nd period - Snap shot by Craig Smith.
9:46 of 2nd period - Stopped by Martin Jones without a rebound.
9:47 of 2nd period - Frans Nielsen wins face-off versus Evgeni Malkin in Maple Leafs zone.
9:56 of 2nd period - Snap shot by Vladimir Tarasenko.
9:56 of 2nd period - Stopped by Martin Jones without a rebound.
9:57 of 2nd period - Evgeni Malkin wins face-off versus Brock McGinn in Maple Leafs zone.
9:59 of 2nd period - Minor Penalty to Zach Werenski for Holding.
10:00 of 2nd period - Brayden Schenn wins face-off versus Frans Nielsen in Maple Leafs zone.
10:03 of 2nd period - Off-side.
10:04 of 2nd period - Frans Nielsen wins face-off versus Gabriel Landeskog in neutral zone.
10:07 of 2nd period - Braydon Coburn is hit by Frans Nielsen and loses puck.
11:26 of 2nd period - Brock McGinn is hit by Brandon Saad and loses puck.
11:31 of 2nd period - Wrist shot by Brandon Saad.
11:31 of 2nd period - Stopped by Keith Kinkaid with a rebound.
11:33 of 2nd period - Slapshot by Braydon Coburn.
11:33 of 2nd period - Stopped by Keith Kinkaid with a rebound.
11:35 of 2nd period - Slapshot by Bo Horvat.
11:35 of 2nd period - Shot Misses the Net.
11:59 of 2nd period - Penalty to Zach Werenski is over, Zach Werenski is back on ice.
12:09 of 2nd period - Slapshot by Zach Werenski.
12:09 of 2nd period - Deflect By Pontus Aberg.
12:09 of 2nd period - Shot Blocked by Michael Latta.
12:09 of 2nd period - Puck is out of play.
12:10 of 2nd period - Patrice Cormier wins face-off versus Michael Latta in Islanders zone.
12:17 of 2nd period - Snap shot by Tim Schaller.
12:17 of 2nd period - Goal by Tim Schaller - Islanders : 1 - Maple Leafs : 4.
12:17 of 2nd period - Julien Ellis enters game.
12:18 of 2nd period - Evgeni Malkin wins face-off versus Frans Nielsen in neutral zone.
12:45 of 2nd period - Brayden Schenn is hit by Yann Sauvé and loses puck.
12:50 of 2nd period - Slapshot by Pierre-Edouard Bellemare.
12:50 of 2nd period - Shot Misses the Net.
12:52 of 2nd period - Snap shot by Fedor Tyutin.
12:52 of 2nd period - Stopped by Martin Jones with a rebound.
12:54 of 2nd period - Slapshot by Fedor Tyutin.
12:54 of 2nd period - Shot Misses the Net.
13:56 of 2nd period - Wrist shot by Brock McGinn.
13:56 of 2nd period - Stopped by Martin Jones without a rebound.
13:57 of 2nd period - Brock McGinn wins face-off versus Evgeni Malkin in Maple Leafs zone.
14:38 of 2nd period - Slapshot by Ryan Ellis.
14:38 of 2nd period - Shot Misses the Net.
15:05 of 2nd period - Slapshot by Gabriel Landeskog.
15:05 of 2nd period - Stopped by Julien Ellis with a rebound.
15:07 of 2nd period - Slapshot by Braydon Coburn.
15:07 of 2nd period - Shot Blocked by Michael Latta.
15:09 of 2nd period - Wrist shot by Brayden Schenn.
15:09 of 2nd period - Deflect By Andre Burakovsky.
15:09 of 2nd period - Stopped by Julien Ellis without a rebound.
15:10 of 2nd period - Evgeni Malkin wins face-off versus Frans Nielsen in Islanders zone.
15:21 of 2nd period - Wrist shot by Claude Giroux.
15:21 of 2nd period - Stopped by Julien Ellis without a rebound.
15:22 of 2nd period - Frans Nielsen wins face-off versus Evgeni Malkin in Islanders zone.
17:15 of 2nd period - Slapshot by Braydon Coburn.
17:15 of 2nd period - Shot Misses the Net.
17:17 of 2nd period - Snap shot by Patrice Cormier.
17:17 of 2nd period - Shot Misses the Net.
17:23 of 2nd period - Minor Penalty to Andrew Shaw for Hooking.
17:24 of 2nd period - Brayden Schenn wins face-off versus Vladimir Tarasenko in Islanders zone.
17:35 of 2nd period - Snap shot by Brayden Schenn.
17:35 of 2nd period - Stopped by Julien Ellis with a rebound.
18:55 of 2nd period - Brayden Schenn is hit by Sergei Plotnikov and loses puck.
19:12 of 2nd period - Evgeni Malkin is hit by Ryan Ellis.
19:23 of 2nd period - Penalty to Andrew Shaw is over, Andrew Shaw is back on ice.
19:23 of 2nd period - Evgeni Malkin is hit by Frans Nielsen and loses puck.
19:32 of 2nd period - Snap shot by Frans Nielsen.
19:32 of 2nd period - Shot Blocked by Braydon Coburn.
19:46 of 2nd period - Snap shot by Andrew Shaw.
19:46 of 2nd period - Stopped by Martin Jones with a rebound.
19:48 of 2nd period - Slapshot by Marc-Édouard Vlasic.
19:48 of 2nd period - Shot Misses the Net.
19:50 of 2nd period - Backhand shot by Nikita Zadorov.
19:50 of 2nd period - Shot Misses the Net.
19:52 of 2nd period - Slapshot by Justin Falk.
19:52 of 2nd period - Stopped by Martin Jones with a rebound.
19:54 of 2nd period - Slapshot by Fedor Tyutin.
19:54 of 2nd period - Shot Blocked by Jon Merrill.
19:56 of 2nd period - Slapshot by Frans Nielsen.
19:56 of 2nd period - Deflect By Andrew Shaw.
19:56 of 2nd period - Stopped by Martin Jones without a rebound.
19:57 of 2nd period - Melker Karlsson wins face-off versus Bo Horvat in Maple Leafs zone.
Goals for this period are 1 for Islanders vs 4 for Maple Leafs.
Shots for this period are 11 for Islanders vs 16 for Maple Leafs.
3rd period
0:01 of 3rd period - Claude Giroux wins face-off versus Frans Nielsen in neutral zone.
0:30 of 3rd period - Off-side.
0:31 of 3rd period - William Karlsson wins face-off versus Brayden Schenn in neutral zone.
0:50 of 3rd period - Wrist shot by Gabriel Landeskog.
0:50 of 3rd period - Deflect By Brayden Schenn.
0:50 of 3rd period - Stopped by Julien Ellis without a rebound.
0:51 of 3rd period - Frans Nielsen wins face-off versus Evgeni Malkin in Islanders zone.
1:32 of 3rd period - Wrist shot by Andre Burakovsky.
1:32 of 3rd period - Stopped by Julien Ellis without a rebound.
1:33 of 3rd period - Bo Horvat wins face-off versus Melker Karlsson in Islanders zone.
1:36 of 3rd period - Wrist shot by Beau Bennett.
1:36 of 3rd period - Stopped by Julien Ellis with a rebound.
1:38 of 3rd period - Backhand shot by Jon Merrill.
1:38 of 3rd period - Stopped by Julien Ellis with a rebound.
1:40 of 3rd period - Slapshot by Zach Werenski.
1:40 of 3rd period - Stopped by Julien Ellis with a rebound.
1:42 of 3rd period - Snap shot by Brandon Saad.
1:42 of 3rd period - Stopped by Julien Ellis with a rebound.
1:44 of 3rd period - Slapshot by Beau Bennett.
1:44 of 3rd period - Deflect By Bo Horvat.
1:44 of 3rd period - Shot Blocked by Fedor Tyutin.
1:44 of 3rd period - Puck is out of play.
1:45 of 3rd period - Frans Nielsen wins face-off versus Evgeni Malkin in Islanders zone.
2:18 of 3rd period - Slapshot by Rick Nash.
2:18 of 3rd period - Shot Blocked by Zach Werenski.
2:50 of 3rd period - Wrist shot by Bo Horvat.
2:50 of 3rd period - Shot Blocked by Craig Smith.
3:06 of 3rd period - Wrist shot by Evgeni Malkin.
3:06 of 3rd period - Stopped by Julien Ellis with a rebound.
3:42 of 3rd period - Rick Nash is hit by Andre Burakovsky and loses puck.
4:08 of 3rd period - Slapshot by Braydon Coburn.
4:08 of 3rd period - Deflect By Beau Bennett.
4:08 of 3rd period - Goal by Beau Bennett - Islanders : 1 - Maple Leafs : 5.
4:09 of 3rd period - Frans Nielsen wins face-off versus Evgeni Malkin in neutral zone.
6:48 of 3rd period - Yann Sauvé is hit by Tim Schaller and loses puck.
7:10 of 3rd period - Ryan Ellis is hit by Zach Werenski and loses puck.
7:23 of 3rd period - Pierre-Edouard Bellemare is hit by Gabriel Landeskog and loses puck.
8:28 of 3rd period - Yann Sauvé is hit by Claude Giroux and loses puck.
8:35 of 3rd period - Claude Giroux is hit by Brock McGinn and loses puck.
9:07 of 3rd period - Minor Penalty to Fedor Tyutin for Tripping.
9:08 of 3rd period - Claude Giroux wins face-off versus Vladimir Tarasenko in Islanders zone.
9:25 of 3rd period - Ryan Ellis is hit by Claude Giroux and loses puck.
11:07 of 3rd period - Penalty to Fedor Tyutin is over, Fedor Tyutin is back on ice.
11:26 of 3rd period - Slapshot by Sergei Plotnikov.
11:26 of 3rd period - Shot Hit the Post.
11:46 of 3rd period - Slapshot by Sergei Plotnikov.
11:46 of 3rd period - Stopped by Martin Jones with a rebound.
11:48 of 3rd period - Slapshot by Yann Sauvé.
11:48 of 3rd period - Shot Misses the Net.
11:54 of 3rd period - Slapshot by Ryan Ellis.
11:54 of 3rd period - Shot Blocked by Braydon Coburn.
11:56 of 3rd period - Wrist shot by Sergei Plotnikov.
11:56 of 3rd period - Stopped by Martin Jones without a rebound.
11:57 of 3rd period - William Karlsson wins face-off versus Brayden Schenn in Maple Leafs zone.
12:06 of 3rd period - Slapshot by William Karlsson.
12:06 of 3rd period - Stopped by Martin Jones with a rebound.
12:08 of 3rd period - Minor Penalty to Gabriel Landeskog for Hooking.
12:09 of 3rd period - Brayden Schenn wins face-off versus Frans Nielsen in Maple Leafs zone.
13:07 of 3rd period - Snap shot by Bo Horvat.
13:07 of 3rd period - Shot Misses the Net.
13:13 of 3rd period - Jon Merrill is hit by Rick Nash and loses puck.
14:08 of 3rd period - Penalty to Gabriel Landeskog is over, Gabriel Landeskog is back on ice.
14:12 of 3rd period - Braydon Coburn is hit by Brock McGinn and loses puck.
14:40 of 3rd period - Minor Penalty to Andre Burakovsky for Slashing.
14:41 of 3rd period - Brayden Schenn wins face-off versus Brock McGinn in Maple Leafs zone.
14:49 of 3rd period - Wrist shot by Frans Nielsen.
14:49 of 3rd period - Deflect By Hampus Lindholm.
14:49 of 3rd period - Goal by Frans Nielsen - Islanders : 2 - Maple Leafs : 5.
14:50 of 3rd period - Evgeni Malkin wins face-off versus Frans Nielsen in neutral zone.
15:22 of 3rd period - Craig Smith is hit by Gabriel Landeskog and loses puck.
16:08 of 3rd period - Slapshot by Justin Falk.
16:08 of 3rd period - Shot Misses the Net.
16:10 of 3rd period - Snap shot by Vladimir Tarasenko.
16:10 of 3rd period - Shot Blocked by Pontus Aberg.
16:20 of 3rd period - Andrew Shaw is hit by Claude Giroux and loses puck.
16:39 of 3rd period - Zach Werenski is hit by Fedor Tyutin.
16:43 of 3rd period - Snap shot by Brayden Schenn.
16:43 of 3rd period - Stopped by Julien Ellis without a rebound.
16:44 of 3rd period - Brayden Schenn wins face-off versus Brock McGinn in Islanders zone.
17:02 of 3rd period - Andre Burakovsky is hit by Brock McGinn and loses puck.
18:02 of 3rd period - Snap shot by Andrew Shaw.
18:02 of 3rd period - Shot Blocked by Jon Merrill.
18:16 of 3rd period - Vladimir Tarasenko is hit by Gabriel Landeskog and loses puck.
18:30 of 3rd period - Minor Penalty to Rick Nash for Boarding.
18:31 of 3rd period - Evgeni Malkin wins face-off versus Vladimir Tarasenko in Islanders zone.
18:37 of 3rd period - Snap shot by Evgeni Malkin.
18:37 of 3rd period - Stopped by Julien Ellis with a rebound.
19:49 of 3rd period - Gabriel Landeskog is hit by Frans Nielsen and loses puck.
Goals for this period are 1 for Islanders vs 1 for Maple Leafs.
Shots for this period are 4 for Islanders vs 10 for Maple Leafs.